 Dungeon Crawl Stone Soup version 0.32-a0-329-ge6c31236d6 (webtiles) character file.

Game seed: 12957276037836025672

776 javelincjr the Magician (level 7, -7/32 HPs)
             Began as a Spriggan Conjurer on Feb 16, 2024.
             Was an Initiate of Sif Muna.
             Mangled by olddryhag's ghost (12 damage)
             ... on level 4 of the Dungeon.
             The game lasted 00:21:18 (4245 turns).

javelincjr the Magician (Spriggan Conjurer)         Turns: 4245, Time: 00:21:18

Health: -7/32      AC:  5    Str:  3    XL:     7   Next: 54%
Magic:  12/17      EV: 18    Int: 22    God:    Sif Muna [......]
Gold:   268        SH:  0    Dex: 13    Spells: 5/18 levels left

rFire   . . .        l - staff of conjuration
rCold   . . .        (shield currently unavailable)
rNeg    . . .        h - +2 animal skin
rPois   .            (helmet restricted)
rElec   .            f - +0 cloak
rCorr   .            (gloves unavailable)
SInv    +            (boots unavailable)
Will    +....        (no amulet)
Stlth   +++          m - ring of wizardry
HPRegen 0.25/turn    (no ring)
MPRegen 0.15/turn

%: wizardry (x1)
@: very quick
A: very small, no large weapons, unfitting armour, see invisible, speed 3
a: Renounce Religion


You were on level 4 of the Dungeon.
You worshipped Sif Muna.
Sif Muna was noncommittal.
You visited 2 branches of the dungeon, and saw 5 of its levels.

You collected 268 gold pieces.

Inventory:

Hand Weapons
 a - a +2 dagger of draining
 g - a +2 dagger of venom
 o - a +3 short sword of holy wrath
Armour
 f - a +0 cloak (worn)
 h - a +2 animal skin (worn)
Magical Staves
 l - a staff of conjuration (weapon)
Jewellery
 m - a ring of wizardry (left hand)
Scrolls
 d - 4 scrolls of teleportation {unknown}
 e - 2 scrolls of poison {unknown}
 i - 2 scrolls of identify {unknown}
 k - a scroll of fear {unknown}
 p - a scroll of enchant armour {unknown}
Potions
 b - a potion of magic
 c - 2 potions of degeneration {unknown}
 j - a potion of lignification {unknown}
 n - a potion of invisibility {unknown}
 q - a potion of enlightenment {unknown}
 r - a potion of berserk rage {unknown}
 s - a potion of heal wounds {unknown}


   Skills:
 + Level 5.1 Dodging
 + Level 6.0 Stealth
 * Level 6.3 Spellcasting
 * Level 4.8 Conjurations


You had 5 spell levels left.
You knew the following spells:

 Your Spells              Type           Power      Damage    Failure   Level
a - Magic Dart            Conj           100%       1d8       1%          1
b - Searing Ray           Conj           84%        2d7       1%          2
c - Fulminant Prism       Conj/Alch      13%        3d8       13%         4
d - Iskenderun's Mystic   Conj/Tloc      26%        2d7       13%         4
e - Blink                 Tloc           14%        N/A       5%          2

Your spell library contained the following spells:

 Spells                   Type           Power      Damage    Failure   Level
 Sting                    Conj/Alch      100%       1d9       1%          1
 Necrotise                Necr           28%        1d5       3%          1
 Dazzling Flash           Conj/Hex       52%        N/A       4%          3
 Mercury Vapours          Alch/Air       14%        N/A       5%          2
 Sigil of Binding         Hex            7%         N/A       11%         3
 Vampiric Draining        Necr           7%         2d6       11%         3
 Martyr's Knell           Necr/Summ      7%         N/A       32%         4
 Olgreb's Toxic Radiance  Alch           7%         N/A       32%         4
 Curse of Agony           Necr           7%         N/A       65%         5
 Metabolic Englaciation   Hex/Ice        3%         N/A       65%         5
 Conjure Ball Lightning   Conj/Air       13%        3x3d6     86%         6
 Discord                  Hex            3%         N/A       100%        8
 Disjunction              Tloc           3%         N/A       100%        8


Dungeon Overview and Level Annotations

Branches:
Dungeon (4/15)             Temple (1/1) D:4

Altars:
Ashenzari
Dithmenos
Fedhas
Makhleb
Okawaru
Qazlal
Ru
Sif Muna
Trog
Vehumet
Wu Jian
Xom
Yredelemnul

Shops:
D:1 ?   D:2 (

Annotations:
D:4 olddryhag's ghost, amateur MDFE
Temple 2 transporters


Innate Abilities, Weirdness & Mutations

You are very small and have problems with some larger weapons.
You are too small for most types of armour.
You have supernaturally acute eyesight. (SInv)
You cover ground extremely quickly. (Speed+++)


Message History

You open the door.
There is an open door here.
There is an open door here.
There is an open door here.
There is an open door here.
Found a runed translucent door.
Found a stone staircase leading up.
Olddryhag's ghost turns its malevolent gaze towards you.
Found 12 gold pieces.
You open the door.
Olddryhag's ghost casts a spell.
Olddryhag's ghost conjures some foxfire! 2 foxfires come into view.
The foxfire hits you!
Casting: Magic Dart (safe; 1% risk of failure)
Confirm with . or Enter, or press ? or * to list all spells.
Aiming: Searing Ray (safe; 1% risk of failure)
Press: ? - help, Shift-Dir - straight line, f - olddryhag's ghost
Aim: olddryhag's ghost (80% to hit)
You feel a surge of power!
The searing ray hits the foxfire!
The foxfire is heavily damaged.
The searing ray hits olddryhag's ghost.
Olddryhag's ghost is lightly damaged. (Press . to maintain the ray.)
The foxfire hits you!
Olddryhag's ghost says, "Don't worry, you'll be warm in a moment."
Olddryhag's ghost gestures wildly while chanting.
Olddryhag's ghost conjures some foxfire! 2 foxfires come into view.
The searing ray hits olddryhag's ghost!
Olddryhag's ghost is moderately damaged.
The foxfire hits you. x2
* * * LOW HITPOINT WARNING * * *
The searing ray hits olddryhag's ghost.
Olddryhag's ghost is heavily damaged.
The searing ray misses olddryhag's ghost.
You finish channelling your searing ray.
Olddryhag's ghost casts a spell.
Flames lash you.
You die...

##......#.....########....#...)..
.#......#.....#.$.# #.....#......
.'......#.....#.~.# #.....#......
.########.....#.~.# #..†..#......
..............#.~.# #.....##.....
..............#.~.#.#.....##.....
..............##'##.+............
................W...###+####.....
#...............@.####....##.....
#....................#...........
#....................#...........
#....................#...........
'....................###########.
#....................... ........
#########.........<..... ........
.# #............... ........ ##
#######......... ........


You could see olddryhag's ghost.

Vanquished Creatures
  3 black bears (D:4)
  A scorpion (D:2)
  4 orc priests
  Jessica (D:3)
  An orc wizard (D:3)
  Terence (D:2)
  Robin (D:2)
  6 adders
  2 dart slugs
  2 ribbon worms
  23 orcs
  5 endoplasms
  2 giant cockroaches (D:1)
  10 hobgoblins
  2 quokkas
  6 ball pythons
  5 bats
  5 frilled lizards
  16 goblins
  6 kobolds
  3 rats
  A spectral hobgoblin (D:1)
106 creatures vanquished.

Vanquished Creatures (others)
  4 foxfires (D:4)
  2 fulminant prisms (D:4)
6 creatures vanquished.

Grand Total: 112 creatures vanquished

Notes
Turn   | Place    | Note
-------+----------+-------------------------------------------
     0 | D:1      | javelincjr the Spriggan Conjurer began the quest for the
                  | Orb.
     0 | D:1      | Reached XP level 1. HP: 9/9 MP: 5/5
   171 | D:1      | Found The Oracle's Delphic Readings.
   349 | D:1      | Reached XP level 2. HP: 13/13 MP: 5/7
   380 | D:1      | Learned a level 2 spell: Searing Ray
   736 | D:1      | Found a faded altar of an unknown god.
   912 | D:2      | Reached XP level 3. HP: 16/16 MP: 5/8
  1106 | D:2      | Noticed Robin
  1196 | D:2      | Killed Robin
  1197 | D:2      | Reached XP level 4. HP: 21/21 MP: 4/10
  1365 | D:2      | Noticed a scorpion
  1431 | D:2      | Killed a scorpion
  1432 | D:2      | Reached XP level 5. HP: 24/24 MP: 1/12
  1518 | D:2      | Found Ulouqit's Weapon Boutique.
  1651 | D:2      | Noticed Terence
  1670 | D:2      | Killed Terence
  1680 | D:2      | Learned a level 4 spell: Fulminant Prism
  1685 | D:2      | Learned a level 4 spell: Iskenderun's Mystic Blast
  2226 | D:3      | Reached XP level 6. HP: 28/28 MP: 8/14
  2230 | D:3      | Reached skill level 5 in Spellcasting
  2348 | D:3      | Reached skill level 5 in Stealth
  2810 | D:3      | Got Jiewes's Almanac of Locality and Beguiling
  2814 | D:3      | Learned a level 2 spell: Blink
  2945 | D:3      | Noticed Jessica
  2948 | D:3      | Killed Jessica
  3527 | D:4      | Found an iron altar of Okawaru.
  3529 | D:4      | Found a blossoming altar of Fedhas.
  3533 | D:4      | Reached XP level 7. HP: 32/32 MP: 14/16
  3805 | D:4      | Found a staircase to the Ecumenical Temple.
  3870 | Temple   | Found a transporter.
  3870 | Temple   | Found a transporter.
  3870 | Temple   | Found a transporter.
  3870 | Temple   | Found a transporter.
  3870 | Temple   | Entered the Ecumenical Temple
  3883 | Temple   | Became a worshipper of Sif Muna the Loreminder
  4041 | D:4      | Reached skill level 5 in Dodging
  4226 | D:4      | Found a runed translucent door.
  4230 | D:4      | Noticed olddryhag's ghost (amateur MDFE)
  4245 | D:4      | Mangled by olddryhag's ghost

Illustrated notes

Levels and vault maps discovered:
D:1:      eino_arrival_tree_alley, layout_loops_ring,
          dreamdust_ecumenical_altar_drowned_temple, nicolae_nh_oracle_at_delphi
D:2:      layout_rooms, serial_shops, nicolae_shop_hallway_stairs, uniq_terence,
          uniq_robin
D:3:      layout_loops_ring, minmay_strange_pillars, uniq_jessica
D:4:      layout_gridville, nicolae_overflow_hidden_temple,
          minmay_temple_entry_antechambers, ebering_ghost_reflecting_pool
Temple:   hellmonk_temple_divided_pantheon

Skill      XL: |  1  2  3  4  5  6  7 |
---------------+----------------------+-----
Conjurations   | 3 4 |  4.8
Spellcasting   | 3 4 5 6 |  6.3
Dodging        | 3 4 5 |  5.1
Stealth        | 4 5 6 |  6.0

Action                     |  1- 3 |  4- 6 |  7- 9 || total
---------------------------+-------+-------+-------++-------
  Melee: Dagger            |     3 |       |       ||     3
   Cast: Magic Dart        |    38 |   101 |    32 ||   171
         Searing Ray       |     6 |    14 |     3 ||    23
         Fulminant Prism   |       |     1 |     1 ||     2
 Armour: Robe              |     3 |       |       ||     3
         Animal skin       |       |     5 |     5 ||    10
  Dodge: Dodged            |    15 |    10 |     3 ||    28

Table legend: (Time is in decaauts)
 A = Elapsed time spent in this place.
 B = Non-inter-level travel time spent in this place.
 C = Inter-level travel time spent in this place.
 D = Time resting spent in this place.
 E = Time spent auto-exploring this place.
 F = Levels seen in this place.
 G = Mean time per level.
                   A        B        C        D        E       F      G
               +--------+--------+--------+--------+--------+-----+--------+
         Total |   3419 |   3353 |     66 |    553 |   2240 |   5 |  683.8 |
       Dungeon |   3400 |   3348 |     52 |    553 |   2240 |   4 |  850.0 |
        Temple |     18 |      5 |     13 |      0 |      0 |   1 |   18.0 |
               +--------+--------+--------+--------+--------+-----+--------+

Top non-repeatable levels by time:
     D:1: 926 daAuts
     D:4: 925 daAuts
     D:3: 808 daAuts
     D:2: 739 daAuts
  Temple: 18 daAuts
